AoeStats
← mihai_flacaul

Arabia

509604940Analyzed
1v1 RM · 6d ago on Sep 27, 2026· 23m 40s· 2 players
Game mode
Random Map
Map size
Tiny (2 player)
Population
200
Speed
Normal
Resources
Standard
Victory
Conquest
Starting age
Dark Age
Ending age
Imperial Age
RankedLock teamsTeams togetherTeam positionsShared explorationLock speedFull tech treeHidden civsTurbo modeCheats
Victory
Defeat
🇷🇴 Varangians · Romania
1401
+14
🇨🇳 Aztecs · China
1367
-14
sorryman
9:16 Feudal Age
9:41 Loom
11:58 Double-Bit Axe
19:25 Fletching
21:57 Horse Collar
mihai_flacaul
6:03 Loom
9:09 Feudal Age
9:47 Double-Bit Axe
9:44 Horse Collar
15:04 Scale Barding Armor
15:38 Bloodlines
16:23 Scale Barding Armor
18:09 Forging
18:57 Wheelbarrow
22:12 Castle Age
20:44 Gold Mining
22:15 Light Cavalry
23:19 Chain Barding Armor
Connection lost

Rejoining the realm…

Still unreachable

The connection could not be restored.

Session expired

The server has moved on; the page needs a fresh start.